 Dungeon Crawl Stone Soup version 0.28-a0-1613-gdaab1c2f9b (webtiles) character file.

Game seed: 14244180079877991618

287 sanka the Ducker (level 6, 0/44 HPs)
             Began as a Gnoll Wanderer on Jan 21, 2022.
             Succumbed to a killer bee's poison
             ... on level 4 of the Dungeon.
             The game lasted 00:04:08 (3598 turns).

sanka the Ducker (Gnoll Wanderer)                   Turns: 3598, Time: 00:04:08

Health: 0/44       AC:  3    Str: 15    XL:     6   Next: 30%
Magic:  11/23      EV: 14    Int: 16    God:
Gold:   109        SH:  0    Dex: 11    Spells: 9/15 levels left

rFire   . . .      SeeInvis .   a - +0 dagger
rCold   . . .      Faith    .   (no shield)
rNeg    . . .      Spirit   .   c - +0 robe
rPois   .          Reflect  .   (no helmet)
rElec   .          Harm     .   (no cloak)
rCorr   .          Rampage  .   (no gloves)
Will    .....                   d - +0 pair of boots
Stlth   ++........              (no amulet)
HPRegen 0.14/turn               h - +6 ring of strength
MPRegen 0.18/turn               g - ring of magical power

@: lethally poisoned (0 -> -10)
A: fangs 1, strong nose, distributed training
a: no special abilities


You were on level 4 of the Dungeon.
You visited 1 branch of the dungeon, and saw 4 of its levels.

You collected 109 gold pieces.


Innate Abilities, Weirdness & Mutations

You have very sharp teeth.
Your uncanny sense of smell can sniff out nearby items.
Your experience applies equally to all skills.


   Skills:
 + Level 1.9 Fighting
 + Level 1.9 Short Blades
 + Level 1.9 Long Blades
 + Level 1.9 Axes
 + Level 1.9 Maces & Flails
 + Level 1.9 Polearms
 + Level 1.9 Staves
 + Level 1.9 Slings
 + Level 1.9 Bows
 + Level 1.9 Crossbows
 + Level 1.9 Throwing
 + Level 1.9 Armour
 + Level 6.8 Dodging
 + Level 1.9 Stealth
 + Level 1.9 Shields
 + Level 1.9 Unarmed Combat
 + Level 5.3 Spellcasting
 + Level 1.5 Conjurations
 + Level 1.5 Hexes
 + Level 1.5 Summonings
 + Level 2.6 Necromancy
 + Level 1.5 Translocations
 + Level 1.5 Transmutations
 + Level 1.5 Fire Magic
 + Level 1.5 Ice Magic
 + Level 1.5 Air Magic
 + Level 5.6 Earth Magic
 + Level 1.5 Poison Magic
 + Level 3.3 Invocations
 + Level 1.9 Evocations


You had 9 spell levels left.
You knew the following spells:

 Your Spells              Type           Power      Damage    Failure   Level
x - Stone Arrow           Conj/Erth      30%        3d8       10%         3
z - Sandblast             Erth           44%        2d11      1%          1
N - Passwall              Tmut/Erth      12%        N/A       4%          2

Your spell library contained the following spells:

 Spells                   Type           Power      Damage    Failure   Level
 Sublimation of Blood     Necr           12%        N/A       8%          2
 Corpse Rot               Necr/Air       20%        N/A       10%         2
 Petrify                  Tmut/Erth      15%        N/A       32%         4

Inventory:

Hand Weapons
 a - a +0 dagger (weapon)
Missiles
 b - 87 stones
Armour
 c - a +0 robe (worn)
 d - a +0 pair of boots (worn)
Jewellery
 g - a ring of magical power (right hand)
 h - a +6 ring of strength (left hand)
Scrolls
 e - a scroll of blinking {unknown}
 f - 2 scrolls of teleportation {unknown}
 i - 2 scrolls of identify {unknown}
 j - a scroll of enchant armour {unknown}
 o - 4 scrolls of enchant weapon {unknown}
 p - a scroll of magic mapping {unknown}
Potions
 k - a potion of flight {unknown}
 l - a potion of haste {unknown}
 m - a potion of berserk rage {unknown}
 n - a potion of resistance {unknown}
 q - a potion of mutation {unknown}
 r - a potion of lignification {unknown}

Dungeon Overview and Level Annotations

Branches:
Dungeon (4/15)
 Temple: D:4-7

Altars:
Hepliaklqana
Uskayaw
Xom

Shops:
D:2

= ...y ▒.......▒
...y.▒▒▒.......▒
...y.........▒.▒▒
▒▒.▒▒▒▒▒▒..▒ ▒.▒
▒(.▒ ∆ ▒.▒
▒▒▒▒▒.▒▒ ▒.▒
▒......▒ ∆ ▒y▒
▒......▒
▒g▒▒▒......▒
▒.........>▒
▒▒▒▒▒....▒▒▒
▒....▒ ▒....▒
▒....▒ ▒▒▒▒▒▒


You could see a killer bee.


Message History

The blast of sand hits the killer bee!
You kill the killer bee!
You feel sick.
You have reached level 6!
The blast of sand hits the killer bee!
The killer bee is heavily wounded.
You feel sick. The killer bee stings you.
* * * LOW HITPOINT WARNING * * *
The killer bee stings you.
* * * LOW HITPOINT WARNING * * *
You are lethally poisoned!
The killer bee poisons you!
The blast of sand misses the killer bee.
The blast of sand hits the killer bee.
The killer bee is lightly wounded.
* * * LOW HITPOINT WARNING * * *
You feel very sick. The killer bee completely misses you.
The killer bee closely misses you.
Unknown command.
The blast of sand hits the killer bee!
You kill the killer bee!
* * * LOW HITPOINT WARNING * * *
You feel very sick. The killer bee completely misses you.
Unknown command.
The blast of sand hits the killer bee!
The killer bee is severely wounded.
You die...

Action                   |  1- 3 |  4- 6 || total
-------------------------+-------+-------++-------
Melee: Dagger            |   108 |    77 ||   185
       Bite              |    12 |     9 ||    21
       Punch             |     1 |       ||     1
 Cast: Sandblast         |    14 |    18 ||    32
 Stab: Sleeping          |     2 |     1 ||     3
Armor: Robe              |    36 |    11 ||    47
Dodge: Dodged            |    96 |    57 ||   153

Levels and vault maps discovered:
D:1:      dpeg_arrival_solitude, layout_basic
D:2:      layout_loops_ring, basic_altar, serial_shops, shop,
          hangedman_decor_peaks_small
D:3:      layout_loops_ring, gammafunk_temple_overflow_elements,
          nicolae_ecumenical_lake_church, kennysheep_generic_room_4
D:4:      layout_basic, makhleb_blood_cavern_becter

Notes
Turn   | Place    | Note
-------+----------+-------------------------------------------
     0 | D:1      | sanka the Gnoll Wanderer began the quest for the Orb.
     0 | D:1      | sanka set off with the following items: a +0 dagger, 36
                  | stones, a +0 robe, a +0 pair of boots; and the following
                  | spell memorised: Sandblast; and the following spells
                  | available to memorise: Passwall, Sublimation of Blood,
                  | Corpse Rot, Petrify
     0 | D:1      | Reached XP level 1. HP: 13/13 MP: 6/6
   332 | D:1      | Reached skill level 2 in Necromancy
   528 | D:1      | Reached XP level 2. HP: 16/19 MP: 7/7
   914 | D:2      | Found Juiwa's Jewellery Boutique.
  1243 | D:2      | Reached XP level 3. HP: 11/25 MP: 9/9
  1247 | D:2      | Reached skill level 5 in Spellcasting
  1676 | D:2      | Reached skill level 1 in Fighting
  1676 | D:2      | Reached skill level 1 in Short Blades
  1676 | D:2      | Reached skill level 1 in Long Blades
  1676 | D:2      | Reached skill level 1 in Axes
  1676 | D:2      | Reached skill level 1 in Maces & Flails
  1676 | D:2      | Reached skill level 1 in Polearms
  1676 | D:2      | Reached skill level 1 in Staves
  1676 | D:2      | Reached skill level 1 in Slings
  1676 | D:2      | Reached skill level 1 in Bows
  1676 | D:2      | Reached skill level 1 in Crossbows
  1676 | D:2      | Reached skill level 1 in Throwing
  1676 | D:2      | Reached skill level 1 in Armour
  1676 | D:2      | Reached skill level 1 in Stealth
  1676 | D:2      | Reached skill level 1 in Shields
  1676 | D:2      | Reached skill level 1 in Unarmed Combat
  1676 | D:2      | Reached skill level 1 in Evocations
  1699 | D:2      | Found a hazy altar of Hepliaklqana.
  1744 | D:2      | Reached XP level 4. HP: 32/32 MP: 11/11
  2500 | D:3      | Reached skill level 1 in Conjurations
  2500 | D:3      | Reached skill level 1 in Hexes
  2500 | D:3      | Reached skill level 1 in Summonings
  2500 | D:3      | Reached skill level 1 in Translocations
  2500 | D:3      | Reached skill level 1 in Transmutations
  2500 | D:3      | Reached skill level 1 in Fire Magic
  2500 | D:3      | Reached skill level 1 in Ice Magic
  2500 | D:3      | Reached skill level 1 in Air Magic
  2500 | D:3      | Reached skill level 1 in Poison Magic
  2631 | D:3      | Found a faded altar of an unknown god.
  2761 | D:3      | Learned a level 2 spell: Passwall
  2981 | D:3      | Found a shimmering altar of Xom.
  2981 | D:3      | Found a hide-covered altar of Uskayaw.
  3531 | D:4      | Learned a level 3 spell: Stone Arrow
  3593 | D:4      | Reached skill level 3 in Invocations
  3593 | D:4      | Reached XP level 5. HP: 22/37 MP: 12/12
  3595 | D:4      | Reached XP level 6. HP: 21/44 MP: 13/13
  3597 | D:4      | HP: 2/44 [poisoned by a killer bee]
  3598 | D:4      | Succumbed to a killer bee's poison

Vanquished Creatures
  4 killer bees (D:4)
  6 adders
  4 worms
  2 dart slugs
  2 orcs (D:3)
  A bat (D:2)
  3 endoplasms (D:2)
  4 goblins
  2 hobgoblins
  4 quokkas
  5 ball pythons
  5 frilled lizards
  3 kobolds
  2 rats
47 creatures vanquished.
